 Dungeon Crawl Stone Soup version 0.25.0-26-g0c896c7088 (webtiles) character file.

Game seed: 5034318401698845910

964769 EriolAelfwine the Invulnerable (level 27, 0/238 HPs)
             Began as a Deep Dwarf Fighter on July 1, 2020.
             Was the Champion of Makhleb.
             Slain by an Executioner (5 damage)
             ... in Pandemonium.
             The game lasted 04:39:00 (71187 turns).

EriolAelfwine the Invulnerable (DDFi)              Turns: 71187, Time: 04:39:02

Health: 0/238      AC: 40    Str: 41 (42) XL:     27
Magic:  14/14      EV: 21    Int: -2 (6)  God:    Makhleb [******]
Gold:   9156       SH: 40    Dex: 12      Spells: 26/26 levels left

rFire    + + +     SeeInvis .   b - +9 broad axe (elec)
rCold    + + .     Gourm    .   D - +10 tower shield of Ignorance {rN+ Int-4}
rNeg     + + +     Faith    .   c - +10 gold dragon scales
rPois    +         Spirit   .   P - +0 hat of Autotheism {Str+3}
rElec    .         Reflect  .   V - +1 cloak {rPois}
rCorr    .         Harm     .   K - +0 pair of gloves {Str+3}
MR       +++++     Clarity  +   h - +2 pair of boots "Onobij" {rF++ Str+2 Dex+2 Slay+3} Stlth ..........Rnd*Tele +
                                C - amulet of the Four Winds {rN+ MR+++ Clar}
HPRegen  0.00/turn              W - ring "Fug Qesa" {Str+5 Slay+4}
MPRegen  0.14/turn              S - ring of Paahisoa {rC+ rN+ Str+3}

@: lethally poisoned (0 -> -35), non-regenerating, slowed, lost intelligence,
very slow
A: damage resistance, heal wounds, fangs 1, hooves 1, berserk 1, blurry vision
2, clumsy 1, deformed body, deterioration 2, dopey 1, frail 2, low mp 3,
negative energy resistance 1, sense surroundings 3, screaming 2, teleportitis 1,
weak 2, no potion heal 3, subdued magic 1, no regeneration
}: 8/15 runes: barnacled, slimy, silver, abyssal, demonic, glowing, fiery,
gossamer
a: Heal Wounds, Minor Destruction, Lesser Servant of Makhleb, Major Destruction,
Greater Servant of Makhleb, Renounce Religion


You were in Pandemonium.
You worshipped Makhleb.
Makhleb was exalted by your worship.
You were hungry.

You visited 12 branches of the dungeon, and saw 58 of its levels.
You visited Pandemonium 1 time, and saw 11 of its levels.
You visited the Abyss 1 time.
You visited 1 bazaar.
You also visited: Gauntlet and Ice Cave.

You collected 12660 gold pieces.
You spent 3504 gold pieces at shops.

Inventory:

Hand Weapons
 b - a +9 broad axe of electrocution (weapon)
 B - the +9 trident of Sudden Death {holy, Str+7 Dex+4}
   (You found it on level 9 of the Dungeon)

   It has been blessed by the Shining One to cause great damage to the undead
   and demons.
   It affects your strength (+7).
   It affects your dexterity (+4).
Armour
 c - +10 gold dragon scales (worn)
 h - the +2 pair of boots "Onobij" (worn) {rF++ Str+2 Dex+2 Slay+3}
   (You acquired it on level 6 of the Dungeon)

   It affects your strength (+2).
   It affects your dexterity (+2).
   It affects your accuracy and damage with ranged weapons and melee attacks
   (+3).
   It greatly protects you from fire.
 v - a scarf of invisibility
 D - the +10 tower shield of Ignorance (worn) {rN+ Int-4}
   (You found it on level 4 of the Spider Nest)

   It affects your intelligence (-4).
   It protects you from negative energy.
 K - a +0 pair of gloves of strength (worn)
 P - the +0 hat of Autotheism (worn) {Str+3}
   (You found it on level 11 of the Dungeon)

   It affects your strength (+3).
 V - a +1 cloak of poison resistance (worn)
Jewellery
 t - an uncursed ring of resist corrosion
 C - the amulet of the Four Winds (around neck) {rN+ MR+++ Clar}
   (You bought it in a shop on level 2 of the Orcish Mines)

   [amulet of nothing]

   It protects you from negative energy.
   It affects your resistance to hostile enchantments.
   It protects you against confusion.
 N - the ring of Xom's Scorn {rF+ rC+ rN+}
   (You found it on level 3 of the Depths)

   [ring of protection from cold]

   It protects you from fire.
   It protects you from cold.
   It protects you from negative energy.
 S - the ring of Paahisoa (right hand) {rC+ rN+ Str+3}
   (You took it off a deep elf master archer on level 3 of the Elven Halls)

   [ring of positive energy]

   It affects your strength (+3).
   It protects you from cold.
   It protects you from negative energy.
 W - the ring "Fug Qesa" (left hand) {Str+5 Slay+4}
   (You acquired it on level 3 of the Spider Nest)

   [ring of slaying]

   It affects your strength (+5).
   It affects your accuracy and damage with ranged weapons and melee attacks
   (+4).
 X - the ring "Ronuaro" {rF+ rC+ SInv Stlth-}
   (You found it on level 3 of the Spider Nest)

   [ring of attention]

   It protects you from fire.
   It protects you from cold.
   It lets you see invisible.
   It makes you less stealthy.
 Z - the ring of Surchanan {+Blink rPois Slay+3 Stlth+}
   (You found it in Pandemonium)

   [ring of stealth]

   It affects your accuracy and damage with ranged weapons and melee attacks
   (+3).
   It protects you from poison.
   It lets you blink.
   It makes you more stealthy.
Wands
 u - a wand of digging (23)
 y - a wand of acid (29)
 H - a wand of iceblast (70)
 U - a wand of disintegration (33)
Scrolls
 e - 9 scrolls of enchant weapon
 g - 10 scrolls of fear
 i - 38 scrolls of remove curse
 j - 44 scrolls of teleportation
 p - 2 scrolls of brand weapon
 s - a scroll of silence
 x - 7 scrolls of fog
 z - 10 scrolls of blinking
 A - 4 scrolls of holy word
 E - 7 scrolls of amnesia
 I - 19 scrolls of identify
 M - 14 scrolls of magic mapping
 O - 2 scrolls of summoning
 T - 2 scrolls of enchant armour
Potions
 a - 6 potions of berserk rage
 d - 12 potions of might
 m - 9 potions of lignification
 n - 9 potions of haste
 o - 12 potions of cancellation
 q - 21 potions of curing
 r - 18 potions of stabbing
 w - 9 potions of brilliance
 G - 21 potions of heal wounds
 J - 11 potions of ambrosia
 L - 15 potions of flight
 Q - 4 potions of invisibility
 R - 7 potions of magic
 Y - 5 potions of resistance
Comestibles
 f - 105 rations


   Skills:
 O Level 27 Fighting
 - Level 18.0 Axes
 O Level 27 Armour
 + Level 24.5 Dodging
 O Level 27 Shields
 + Level 22.2 Invocations
 - Level 6.0 Evocations


You had 26 spell levels left.
You didn't know any spells.
Your spell library contained the following spells:

 Spells                   Type           Power        Failure   Level  Hunger
 Animate Skeleton         Necr           N/A          93%         1    ##.....
 Apportation              Tloc           #.....       93%         1    ##.....
 Beastly Appendage        Tmut           #.....       93%         1    ##.....
 Corona                   Hex            #......      93%         1    ##.....
 Foxfire                  Conj/Fire      #...         93%         1    ##.....
 Freeze                   Ice            #...         93%         1    ##.....
 Magic Dart               Conj           #...         93%         1    ##.....
 Pain                     Necr           #...         93%         1    ##.....
 Sandblast                Erth           #.....       93%         1    ##.....
 Shock                    Conj/Air       #...         93%         1    ##.....
 Sting                    Tmut/Pois      #...         93%         1    ##.....
 Summon Small Mammal      Summ           #...         93%         1    ##.....
 Blink                    Tloc           N/A          98%         2    ###....
 Call Imp                 Summ           #.......     98%         2    ###....
 Corpse Rot               Necr/Air       N/A          98%         2    ###....
 Ensorcelled Hibernation  Hex/Ice        #.....       98%         2    ###....
 Passwall                 Tmut/Erth      #.......     98%         2    ###....
 Poisonous Vapours        Pois/Air       #.....       98%         2    ###....
 Searing Ray              Conj           #.....       98%         2    ###....
 Shroud of Golubria       Chrm/Tloc      #.....       98%         2    ###....
 Slow                     Hex            #.......     98%         2    ###....
 Sticks to Snakes         Tmut           #.......     98%         2    ###....
 Sublimation of Blood     Necr           #.........   98%         2    ###....
 Swiftness                Chrm/Air       #.......     98%         2    ###....
 Confusing Touch          Hex            #.......     100%        3    ####...
 Conjure Flame            Conj/Fire      #.......     100%        3    ####...
 Dazzling Flash           Conj/Hex       #.....       100%        3    ####...
 Gell's Gravitas          Tloc           #.........   100%        3    ####...
 Ignite Poison            Fire/Tmut/Pois #.......     100%        3    ####...
 Inner Flame              Hex/Fire       #.......     100%        3    ####...
 Lesser Beckoning         Tloc           #.........   100%        3    ####...
 Mephitic Cloud           Conj/Pois/Air  #.......     100%        3    ####...
 Portal Projectile        Hex/Tloc       #.....       100%        3    ####...
 Recall                   Summ/Tloc      N/A          100%        3    ####...
 Spectral Weapon          Hex/Chrm       #.......     100%        3    ####...
 Spider Form              Tmut/Pois      #.........   100%        3    ####...
 Static Discharge         Conj/Air       #.......     100%        3    ####...
 Stone Arrow              Conj/Erth      #.....       100%        3    ####...
 Summon Guardian Golem    Hex/Summ       #.......     100%        3    ####...
 Teleport Other           Tloc           #.......     100%        3    ####...
 Tukima's Dance           Hex            #.......     100%        3    ####...
 Vampiric Draining        Necr           #.........   100%        3    ####...
 Airstrike                Air            #.........   100%        4    #####..
 Animate Dead             Necr           N/A          100%        4    #####..
 Cause Fear               Hex            #.........   100%        4    #####..
 Dispel Undead            Necr           #.......     100%        4    #####..
 Fulminant Prism          Conj/Hex       #.........   100%        4    #####..
 Ice Form                 Ice/Tmut       #.......     100%        4    #####..
 Iskenderun's Mystic Bla  Conj/Tloc      #.......     100%        4    #####..
 Leda's Liquefaction      Hex/Erth       #.........   100%        4    #####..
 Olgreb's Toxic Radiance  Pois           #.......     100%        4    #####..
 Passage of Golubria      Tloc           N/A          100%        4    #####..
 Petrify                  Tmut/Erth      #.......     100%        4    #####..
 Sticky Flame             Conj/Fire      #.......     100%        4    #####..
 Agony                    Necr           #.......     100%        5    ######.
 Alistair's Intoxication  Tmut/Pois      #.......     100%        5    ######.
 Aura of Abjuration       Summ           #.........   100%        5    ######.
 Blade Hands              Tmut           #.........   100%        5    ######.
 Bolt of Magma            Conj/Fire/Erth #.........   100%        5    ######.
 Borgnjor's Vile Clutch   Necr/Erth      #.........   100%        5    ######.
 Excruciating Wounds      Chrm/Necr      #.........   100%        5    ######.
 Fireball                 Conj/Fire      #.........   100%        5    ######.
 Iskenderun's Battlesphe  Conj/Chrm      #.......     100%        5    ######.
 Lee's Rapid Deconstruct  Erth           #.........   100%        5    ######.
 Lightning Bolt           Conj/Air       #.........   100%        5    ######.
 Metabolic Englaciation   Hex/Ice        #.........   100%        5    ######.
 Silence                  Hex/Air        #.........   100%        5    ######.
 Summon Demon             Summ           #.........   100%        5    ######.
 Summon Forest            Summ/Tloc      #.........   100%        5    ######.
 Summon Mana Viper        Hex/Summ       #.......     100%        5    ######.
 Yara's Violent Unravell  Hex/Tmut       #.........   100%        5    ######.
 Dispersal                Tloc           #.........   100%        6    #######
 Eringya's Noxious Bog    Tmut/Pois      #.........   100%        6    #######
 Freezing Cloud           Conj/Ice/Air   #.........   100%        6    #######
 Hydra Form               Tmut           #.........   100%        6    #######
 Invisibility             Hex            #.......     100%        6    #######
 Iron Shot                Conj/Erth      #.........   100%        6    #######
 Ozocubu's Refrigeration  Ice            #.........   100%        6    #######
 Shadow Creatures         Summ           N/A          100%        6    #######
 Simulacrum               Ice/Necr       #.........   100%        6    #######
 Statue Form              Tmut/Erth      #........    100%        6    #######
 Haunt                    Necr/Summ      #.........   100%        7    #######
 Orb of Destruction       Conj           #.........   100%        7    #######
 Ring of Flames           Chrm/Fire      #.........   100%        7    #######
 Spellforged Servitor     Conj/Summ      #.........   100%        7    #######
 Summon Hydra             Summ           #.........   100%        7    #######
 Borgnjor's Revivificati  Necr           #.........   100%        8    #######
 Chain Lightning          Conj/Air       #.........   100%        8    #######
 Controlled Blink         Tloc           N/A          100%        8    #######
 Death's Door             Chrm/Necr      #.........   100%        8    #######
 Discord                  Hex            #.........   100%        8    #######
 Disjunction              Tloc           #.........   100%        8    #######
 Ignition                 Fire           #.........   100%        8    #######
 Infestation              Necr           #.........   100%        8    #######
 Lehudib's Crystal Spear  Conj/Erth      #.........   100%        8    #######
 Necromutation            Tmut/Necr      #.........   100%        8    #######
 Absolute Zero            Ice            #.........   100%        9    #######
 Fire Storm               Conj/Fire      #.........   100%        9    #######
 Shatter                  Erth           #.........   100%        9    #######
 Tornado                  Air            #.........   100%        9    #######


Dungeon Overview and Level Annotations

Branches:
Dungeon (15/15)            Temple (1/1) D:6            Lair (6/6) D:10
 Shoals (4/4) Lair:2       Spider (4/4) Lair:4        Slime (5/5) Lair:6
    Orc (2/2) D:10            Elf (3/3) Orc:2        Vaults (5/5) D:13
  Crypt (3/3) Vaults:3       Tomb (0/3) Crypt:3      Depths (5/5) D:15
    Zot (5/5) Depths:5      IceCv (visited)         Gauntlet (visited)

Altars:
Ashenzari
Cheibriados
Dithmenos
Elyvilon
Fedhas
Gozag
Hepliaklqana
Kikubaaqudgha
Makhleb
Nemelex Xobeh
Okawaru
Qazlal
Ru
Sif Muna
Trog
Uskayaw
Vehumet
Wu Jian
Xom
Yredelemnul
Zin
The Shining One
Beogh
Jiyva

Shops:
Orc:1 :   Orc:2 (=[*}?   Elf:1 *   Elf:2 *   Elf:3 :}}=   Vaults:1 =
Vaults:2 [(?   Depths:4 **?*

Portals:
Hell: Depths:1 Depths:2 Depths:3 Depths:4 Depths:5
Abyss: Depths:1 Depths:4
Pandemonium: Depths:2 Depths:3
Ziggurat: Depths:1

Annotations:
Depths:3 2 runed translucent doors
Zot:5 3 runed translucent doors, Flugkiller's ghost, adept DDFi
Pan Gloorx Vloq


Innate Abilities, Weirdness & Mutations

You are resistant to damage.
You can heal yourself by infusing magical energy.
You resist negative energy. (rN+)
You passively map a large area around you.
You do not regenerate.
You have very sharp teeth.
You have large cloven feet.
You tend to lose your temper in combat.
Scrolls take you longer to read.
You are clumsy. (Dex -2)
Armour fits poorly on your strangely shaped body.
Your body often deteriorates upon taking damage.
You are dopey. (Int -2)
You are very frail. (-20% HP)
Your magical capacity is extremely low. (-30% MP)
You sometimes yell uncontrollably at your foes.
You are occasionally teleported next to monsters.
You are very weak. (Str -4)
Potions cannot restore your health.
Your spells are a little easier to cast, but a little less powerful.


Message History

You are engulfed in dark miasma.
You are more poisoned.
You feel as though you will be slow longer.
* * * LOW HITPOINT WARNING * * *
x2 You feel very sick.
You hear a hideous shriek!
You block the Executioner's attack. x3; The Executioner completely misses you.
The Executioner closely misses you.
The Executioner hits you but does no damage.
You block the Executioner's attack.
The Executioner hits you but does no damage.
The Executioner misses you. You block the flying skull's attack.
You block the Executioner's attack. x2
The Executioner hits you but does no damage.
A demonic crawler comes into view.
The Executioner misses you. x2; The Executioner completely misses you.
Gloorx Vloq calls on the powers of darkness!
You feel a surge of unholy energy.
The phantasmal warrior blinks!
The Executioner hits you!
You die...

,* * , ,, , ,* *
,, ,, , , , , ,
,,, , ,, * * ,
*** ** * * * ** ,
, * ##* , ^.. *,
* *, , *##..#. ,
* , ####...... *
, #####@zVZZ#.#.
,,* * , * *
#W11111Wzn.... ,
, * , ,,
,...3Z&°zzz#.#.#.
,, ,*
..s..1z°zW?... ,*
,
,.....W.Z#.#%#.#,
, , ,,,
,..s.....Z..... *
, ,
ss........#.#.#
,, *
###.............
,* #####.... #.#.
, ,


You could see Gloorx Vloq, 6 Executioners, a jiangshi (summoned), a soul eater,
4 demonic crawlers, 2 curse skulls, 2 phantasmal warriors, a freezing wraith
(summoned), a hungry ghost (summoned), a necrophage (summoned), 2 flying skulls,
3 wights, a shadow dragon simulacrum (summoned), a storm dragon simulacrum
(summoned), a five-headed hydra zombie (summoned), a snapping turtle skeleton
(summoned) and a stone giant skeleton.

Vanquished Creatures
  Cerebov (Pan)
  the Royal Jelly (Slime:5)
  A seraph (Pan)
  Mnoleg (Pan)
  11 ancient liches
  Mara (Spider:4)
  5 orbs of fire
  A juggernaut (Depths:3)
  The ghost of Distralli the Bludgeoner, a legendary GnFi of Cheibriados (Zot:2)
  2 Killer Klowns (Zot:5)
  Saint Roka (Orc:2)
  3 curse toes
  12 golden dragons
  Nikola (Spider:2)
  A pearl dragon (Pan)
  3 bone dragons
  Arachne (Spider:3)
  3 Brimstone Fiends (Pan)
  6 electric golems
  Jorgrun (Spider:3)
  18 tentacled monstrosities
  3 liches
  9 Hell Sentinels (Pan)
  3 Ice Fiends
  25 Orb Guardians (Zot:5)
  Asterion (Vaults:2)
  A deep elf master archer (Elf:3)
  3 deep elf blademasters
  3 quicksilver dragons
  21 acid blobs
  4 titans
  6 death cobs
  4 tentacled starspawn (Abyss:3)
  4 Executioners (Pan)
  4 sphinxes
  2 ancient champions
  A kraken (Shoals:4)
  Gastronok (D:8)
  Frances (Spider:1)
  8 shadow dragons
  14 storm dragons
  5 draconian monks
  5 warmongers (Pan)
  Roxanne (Spider:3)
  10 tengu reavers
  18 azure jellies
  Donald (Vaults:2)
  A revenant (Crypt:3)
  A nagaraja (Abyss:3)
  10 fire giants
  7 pandemonium lords (Pan)
  11 frost giants
  11 vault wardens
  3 iron dragons
  8 ghost moths
  Louise (Shoals:3)
  18 daevas
  7 draconian scorchers
  Aizul (Vaults:2)
  2 draconian knights (Zot:3)
  A deep elf sorcerer (Elf:2)
  18 balrugs
  4 deep elf elementalists
  29 cacodemons
  5 emperor scorpions (Spider:4)
  7 ghouls
  20 angels (Pan)
  2 draconian shifters
  2 draconian stormcallers
  18 ironheart preservers
  2 spriggan defenders (Depths:1)
  10 reapers
  32 stone giants
  9 draconian annihilators
  28 very ugly things
  7 corrupters (Pan)
  5 entropy weavers
  5 war gargoyles
  7 blood saints (Pan)
  7 black suns (Pan)
  8 green draconians
  6 vampire knights
  19 ophanim (Pan)
  9 deep elf demonologists
  9 black draconians
  A minotaur (shapeshifter) (Depths:5)
  8 purple draconians
  25 apis (Pan)
  6 lorocyprocas (Pan)
  A minotaur (Gauntlet)
  6 yellow draconians
  A dire elephant (Lair:6)
  3 red draconians
  2 deep elf annihilators (Elf:3)
  Snorg (Lair:6)
  12 spark wasps
  13 white draconians
  7 deep elf death magi
  11 blizzard demons
  15 eidola
  2 green deaths (Pan)
  2 crystal guardians
  17 ettins
  14 death oozes
  5 merfolk javelineers
  16 fire dragons
  8 merfolk impalers
  25 yaktaur captains
  4 deep elf high priests
  A mummy priest (Crypt:3)
  18 great orbs of eyes
  12 ice dragons
  Harold (D:9)
  42 vault guards
  6 rakshasas
  A catoblepas (Lair:6)
  Erolcha (D:9)
  7 monstrous demonspawn (Pan)
  Erica (D:8)
  5 hydras
  6 merfolk aquamancers
  A merfolk avatar (Shoals:4)
  5 death knights
  13 centaur warriors
  3 spriggan air magi
  2 satyrs (Shoals:4)
  14 deep troll shamans
  13 ogre magi
  9 deep troll earth magi
  21 dancing weapons
  15 death yaks
  A titan zombie (Abyss:1)
  40 two-headed ogres
  2 vampire magi (Crypt:2)
  2 thrashing horrors
  An orc high priest (Orc:2)
  Urug (Lair:1)
  7 tengu warriors
  6 spriggan berserkers
  44 sun demons (Pan)
  24 deep elf knights
  31 soul eaters
  24 sixfirhies (Pan)
  11 skeletal warriors
  2 titan skeletons
  35 hell knights
  2 unseen horrors
  4 iron trolls
  6 shadow wraiths
  6 wretched stars
  17 cherubim (Pan)
  12 gelid demonspawn (Pan)
  12 sea snakes
  37 deep trolls
  5 flayed ghosts
  9 infernal demonspawn (Pan)
  9 glowing orange brains
  An obsidian statue (Zot:2)
  2 swamp dragons (Abyss:3)
  45 large abominations
  7 torturous demonspawn (Pan)
  A shadow demon (Pan)
  Pikel (D:4)
  4 anaconda skeletons
  15 ironbrand convokers
  A lindwurm (Lair:6)
  A swamp dragon (shapeshifter) (Vaults:4)
  A lindwurm (shapeshifter) (Depths:1)
  4 wolf spider zombies
  A golden dragon skeleton (Crypt:3)
  5 wizards
  25 deep elf archers
  16 orc knights
  19 phantasmal warriors
  A sphinx zombie (Vaults:4)
  41 wolf spiders
  17 harpies
  An iron dragon zombie (Crypt:3)
  23 necromancers
  60 ugly things
  A shadow dragon skeleton (Crypt:3)
  2 oklob plants (Lair:6)
  18 fauns
  5 shining eyes
  75 deep elf magi
  26 orb spiders
  15 moths of wrath
  6 orc sorcerers
  4 stone giant zombies
  An iron dragon skeleton (Crypt:3)
  10 cyclopes
  15 manticores
  3 worldbinders
  2 frost giant zombies
  14 elephants
  3 rust devils
  2 salamanders (shapeshifter)
  12 merfolk sirens
  An eye of devastation (shapeshifter) (Depths:1)
  2 black mambas
  33 orange demons
  12 vault sentinels
  A fire giant skeleton (Crypt:3)
  5 centaur zombies
  A frost giant skeleton (Abyss:1)
  2 naga magi (D:15)
  5 water nymphs
  4 eyes of devastation
  2 apocalypse crabs (Abyss:3)
  A guardian serpent (Abyss:3)
  An ice statue (IceCv)
  A spiny frog (shapeshifter) (Vaults:1)
  Psyche (D:9)
  3 centaur skeletons
  2 torpor snails
  16 smoke demons
  7 spiny frogs
  7 komodo dragons
  Maggie (D:7)
  A komodo dragon (shapeshifter) (Vaults:4)
  5 kobold demonologists
  A rime drake (shapeshifter) (Elf:1)
  3 tormentors (Pan)
  A green draconian skeleton (Crypt:1)
  2 yaktaur zombies
  7 efreet
  36 demonic crawlers
  68 yaktaurs
  An anaconda simulacrum (IceCv)
  18 freezing wraiths
  3 guardian mummies (Crypt:3)
  A white draconian skeleton (Crypt:1)
  2 golden dragon simulacra (IceCv)
  A queen bee (shapeshifter) (Vaults:4)
  23 red devils (Pan)
  7 ice devils
  22 hellwings
  9 trolls
  A death drake zombie (Crypt:1)
  6 ancient zymes
  4 tengu conjurers
  A hydra zombie (Crypt:3)
  A troll (shapeshifter) (Depths:2)
  29 jumping spiders
  A meliai (shapeshifter) (Vaults:5)
  A polar bear (Lair:5)
  23 merfolk
  A wind drake (shapeshifter) (Vaults:5)
  22 hornets
  2 wind drakes
  Prince Ribbit (D:5)
  A fire dragon zombie (Crypt:1)
  8 raiju
  86 slime creatures
  13 blink frogs
  5 dream sheep
  A hydra skeleton (Crypt:1)
  A tarantella zombie (Crypt:2)
  2 ice dragon zombies (Crypt:3)
  8 snapping turtles
  2 hippogriffs (shapeshifter)
  2 bog bodies (Crypt:2)
  A meliai zombie (D:15)
  A snapping turtle (shapeshifter) (Gauntlet)
  Grinder (D:5)
  An air elemental (Elf:3)
  10 hippogriffs
  A human simulacrum (Vaults:1)
  54 redbacks
  6 flying skulls
  4 shadows
  2 tarantellas (shapeshifter)
  Sigmund (D:4)
  39 yaks
  7 wraiths
  3 centaur simulacra
  2 spriggans (Depths:4)
  13 water elementals
  27 ynoxinuls (Pan)
  32 tarantellas
  2 wyverns
  2 dire elephant simulacra (IceCv)
  An ettin skeleton (Crypt:3)
  3 basilisks
  2 basilisks (shapeshifter)
  4 fire bats (Abyss:3)
  A wyvern (shapeshifter) (Depths:1)
  A steam dragon (D:11)
  2 fire elementals
  Eustachio (D:4)
  A steam dragon (shapeshifter) (Depths:2)
  9 golden eyes (Slime:2)
  2 death yak simulacra (IceCv)
  4 hungry ghosts
  27 chaos spawn
  30 neqoxecs (Pan)
  2 iron troll simulacra (IceCv)
  2 vampire mosquitoes (D:15)
  3 acid dragons
  7 wargs
  A two-headed ogre zombie (Crypt:2)
  2 hydra simulacra (IceCv)
  14 water moccasins
  A soldier ant (D:10)
  5 harpy simulacra (IceCv)
  A hell hound (Pan)
  5 porcupines
  A soldier ant (shapeshifter) (Depths:3)
  11 sky beasts
  4 floating eyes
  36 orc warriors
  4 black bears
  An ettin simulacrum (IceCv)
  6 ice beasts
  An alligator simulacrum (IceCv)
  2 necrophages
  5 eyes of draining
  A manticore zombie (Crypt:3)
  2 phantoms
  An ice beast (shapeshifter) (Vaults:5)
  26 ogres
  A snapping turtle zombie (Crypt:3)
  18 boggarts
  19 centaurs
  9 wolves
  A boggart (shapeshifter) (Vaults:5)
  A dream sheep skeleton (Crypt:1)
  A manticore skeleton (Crypt:3)
  10 crocodiles
  2 big kobolds
  Blork the orc (D:6)
  A draconian zombie (Crypt:1)
  21 bullfrogs
  3 earth elementals
  6 small abominations
  A wyvern zombie (D:8)
  A draconian skeleton (Crypt:1)
  7 wyvern skeletons (Crypt:3)
  A water moccasin zombie (D:12)
  5 scorpions
  A troll zombie (D:14)
  A scorpion (shapeshifter) (Vaults:2)
  2 spriggan skeletons
  18 killer bees
  An electric eel (Spider:1)
  20 wights
  6 howler monkeys
  36 starcursed masses
  A bullfrog zombie (D:9)
  9 crimson imps
  3 draconian simulacra (IceCv)
  10 hounds
  5 human zombies
  22 orc priests
  Crazy Yiuf (D:5)
  2 bullfrog skeletons
  33 orc wizards
  3 quasits
  An iron imp (Depths:3)
  5 jellies
  4 human skeletons (D:14)
  8 iguanas
  Natasha (twice) (D:4)
  4 polar bear simulacra
  17 worker ants
  3 yak simulacra (Lair:2)
  4 troll simulacra (IceCv)
  A killer bee zombie (D:10)
  3 wolf simulacra (Lair:2)
  A tengu zombie (Crypt:3)
  A sky beast zombie (Crypt:2)
  A deep dwarf zombie (Crypt:1)
  A crocodile skeleton (Crypt:2)
  A demigod skeleton (Crypt:2)
  An ogre skeleton (D:14)
  A mummy (D:9)
  An adder (shapeshifter) (Vaults:2)
  5 gnolls
  2 naga simulacra (IceCv)
  An ogre simulacrum (IceCv)
  13 adders
  6 shadow imps
  10 white imps
  An ooze (D:1)
  9 ufetubi
  An adder zombie (D:9)
  A halfling zombie (Crypt:2)
  5 adder skeletons
  2 worms
  A barachi skeleton (Crypt:2)
  3 dart slugs
  7 leopard geckos
  114 orcs
  8 giant cockroaches
  4 goblins
  2 hobgoblins (D:1)
  9 jackals
  18 kobolds
  2 quokkas
  4 bats
  3 frilled lizards
  A hobgoblin skeleton (Crypt:1)
  2 leopard gecko skeletons
  An orc zombie (D:14)
  A quokka zombie (D:5)
  4 rats
  2 river rat simulacra (Lair:2)
  2 fungi (Lair:6)
  2 lurking horrors (Abyss:3)
  14 plants
  6 starspawn tentacles (Abyss:3)
  4 tentacles (Shoals:4)
  3 withered plants (Crypt:3)
3439 creatures vanquished.

Vanquished Creatures (collateral kills)
  A deep elf master archer (Elf:3)
  A deep elf annihilator (Elf:3)
  A shining eye (Slime:1)
  A jumping spider (Spider:3)
  An orc warrior (Vaults:4)
5 creatures vanquished.

Vanquished Creatures (others)
  2 eldritch tentacles
  A ghost moth (Spider:4)
  A harpy (Shoals:4)
  An orb spider (Spider:1)
  A wyvern (shapeshifter) (Vaults:4)
  2 ynoxinuls
  A water elemental (Shoals:4)
  A redback (Spider:4)
  A neqoxec (Pan)
  A boggart (Depths:1)
  An iguana (D:4)
  Natasha (D:4)
  A white imp (IceCv)
  An ufetubus (IceCv)
  A fungus (Lair:3)
  12 plants
  8 starspawn tentacles (Abyss:3)
  8 tentacles (Shoals:4)
45 creatures vanquished.

Grand Total: 3489 creatures vanquished

Notes
Turn   | Place    | Note
-------+----------+-------------------------------------------
     0 | D:1      | EriolAelfwine the Deep Dwarf Fighter began the quest for
                  | the Orb.
     0 | D:1      | Reached XP level 1. HP: 20/20 MP: 1/1
   186 | D:1      | Reached XP level 2. HP: 25/27 MP: 2/2
   741 | D:1      | Reached XP level 3. HP: 28/33 MP: 3/3
  1215 | D:2      | Reached XP level 4. HP: 28/42 MP: 4/4
  1338 | D:2      | Reached XP level 5. HP: 49/49 MP: 5/5
  1398 | D:2      | Found a hazy altar of Hepliaklqana.
  1905 | D:3      | Found a shadowy altar of Dithmenos.
  1954 | D:3      | Noticed an air elemental
  1956 | D:3      | Found a stormy altar of Qazlal.
  1957 | D:3      | Noticed a fire elemental
  1957 | D:3      | Noticed a water elemental
  2480 | D:4      | Found a sparkling altar of Nemelex Xobeh.
  2486 | D:4      | Reached skill level 5 in Armour
  2487 | D:4      | Noticed a slave
  2487 | D:4      | Noticed a slave
  2488 | D:4      | Noticed a slave
  2489 | D:4      | Noticed Pikel
  2521 | D:4      | Noticed a slave
  2559 | D:4      | Killed Pikel
  2559 | D:4      | Reached skill level 5 in Shields
  2559 | D:4      | Reached XP level 6. HP: 32/58 MP: 6/6
  2559 | D:4      | Reached XP level 7. HP: 36/66 MP: 7/7
  2611 | D:4      | Noticed Sigmund
  2625 | D:4      | Killed Sigmund
  2625 | D:4      | Reached skill level 5 in Axes
  2723 | D:4      | Noticed Natasha
  2737 | D:4      | Killed Natasha
  2751 | D:4      | Noticed Natasha
  2763 | D:4      | Killed Natasha
  2812 | D:4      | Noticed Eustachio
  2829 | D:4      | Killed Eustachio
  2829 | D:4      | Reached XP level 8. HP: 69/73 MP: 8/8
  2844 | D:4      | Killed Natasha
  3054 | D:4      | Noticed a +0 dagger
  3055 | D:4      | Noticed a +0 dagger
  3057 | D:4      | Found a hide-covered altar of Uskayaw.
  3155 | D:5      | Entered Level 5 of the Dungeon
  3169 | D:5      | Noticed Prince Ribbit
  3186 | D:5      | Reached skill level 5 in Fighting
  3266 | D:5      | Found a basalt altar of Yredelemnul.
  3346 | D:5      | Found a stormy altar of Qazlal.
  3703 | D:5      | Noticed Grinder
  3726 | D:5      | Killed Grinder
  3811 | D:5      | Found a runed translucent door.
  3812 | D:5      | Noticed Crazy Yiuf
  4015 | D:5      | Killed Prince Ribbit
  4045 | D:5      | Killed Crazy Yiuf
  4120 | D:6      | Found an iron altar of Okawaru.
  4138 | D:6      | Gained mutation: You passively map the area around you.
                  | [Deep Dwarf growth]
  4138 | D:6      | Reached XP level 9. HP: 56/82 MP: 6/6
  4400 | D:6      | Found a staircase to the Ecumenical Temple.
  4407 | Temple   | Entered the Ecumenical Temple
  4476 | Temple   | Became a worshipper of Makhleb the Destroyer
  4798 | D:6      | Found a shattered altar of Ashenzari.
  4865 | D:6      | Identified 3 scrolls of acquirement
  4872 | D:6      | Got the +2 pair of boots "Onobij" {rF++ Str+2 Dex+2 Slay+3}
  4932 | D:6      | Reached skill level 1 in Invocations
  5005 | D:6      | Noticed Blork the orc
  5011 | D:6      | Killed Blork the orc
  5328 | D:7      | Noticed Maggie
  5347 | D:7      | Killed Maggie
  5408 | D:7      | Reached * piety under Makhleb
  5773 | D:7      | Reached XP level 10. HP: 87/94 MP: 9/9
  5932 | D:7      | Reached ** piety under Makhleb
  6005 | D:8      | Noticed Erica
  6015 | D:8      | Killed Erica
  6133 | D:8      | Reached skill level 5 in Invocations
  6271 | D:8      | Noticed a two-headed ogre
  6409 | D:8      | Noticed Gastronok
  6689 | D:9      | Noticed Erolcha
  6740 | D:8      | Killed Gastronok
  6807 | D:8      | Killed a two-headed ogre
  6923 | D:8      | Reached *** piety under Makhleb
  6938 | D:8      | Reached XP level 11. HP: 60/106 MP: 11/11
  7054 | D:9      | Got a fine trident
  7059 | D:9      | Identified the +9 trident of Sudden Death {holy, Str+7
                  | Dex+4} (You found it on level 9 of the Dungeon)
  7334 | D:9      | Killed Erolcha
  7334 | D:9      | Reached skill level 10 in Axes
  7417 | D:9      | Noticed a two-headed ogre
  7434 | D:9      | Killed a two-headed ogre
  7548 | D:9      | Noticed Harold
  7556 | D:9      | Killed Harold
  7556 | D:9      | Reached skill level 10 in Armour
  7619 | D:9      | Reached **** piety under Makhleb
  7706 | D:9      | Noticed Psyche
  7714 | D:9      | Killed Psyche
  7784 | D:9      | Found a blossoming altar of Fedhas.
  8193 | D:10     | Entered Level 10 of the Dungeon
  8271 | D:10     | Found a staircase to the Lair.
  8346 | D:10     | Reached skill level 10 in Fighting
  8394 | D:10     | Reached skill level 10 in Shields
  8554 | D:10     | Reached ***** piety under Makhleb
  8696 | D:10     | Found a staircase to the Orcish Mines.
  8863 | D:11     | Noticed a green ugly thing
  8874 | D:11     | Killed a green ugly thing
  9112 | D:11     | Killed an unseen horror
  9112 | D:11     | Reached XP level 12. HP: 65/117 MP: 14/14
  9126 | D:11     | Got a transparent hat
  9137 | D:11     | Identified the +0 hat of Autotheism {Str+3} (You found it
                  | on level 11 of the Dungeon)
 10678 | D:13     | Noticed a seven-headed hydra
 10702 | D:13     | Killed a seven-headed hydra
 10801 | D:13     | Got a distressingly furry buckler
 10812 | D:13     | Identified the cursed +0 buckler "Daerioh" {rC+ MR+} (You
                  | found it on level 13 of the Dungeon)
 10889 | D:13     | Noticed a centaur warrior
 10902 | D:13     | Killed a centaur warrior
 10947 | D:13     | Noticed a centaur warrior
 10953 | D:13     | Noticed a yaktaur captain
 10956 | D:13     | Killed a centaur warrior
 10965 | D:13     | Noticed a vault guard
 10970 | D:13     | Found the +0 sword of Power
 11014 | D:13     | Reached ****** piety under Makhleb
 11049 | D:13     | Noticed a vault guard
 11052 | D:13     | Noticed an ettin
 11181 | Lair:1   | Entered Level 1 of the Lair of Beasts
 11318 | Lair:1   | Noticed Urug
 11329 | Lair:1   | Killed Urug
 11331 | Lair:1   | Reached skill level 10 in Invocations
 11341 | Lair:1   | Reached XP level 13. HP: 114/128 MP: 15/15
 12697 | Lair:2   | Found a staircase to the Shoals.
 14064 | Lair:4   | Found a hole to the Spider Nest.
 15276 | Lair:6   | Entered Level 6 of the Lair of Beasts
 15325 | Lair:6   | Gained mutation: You resist negative energy. (rN+) [Deep
                  | Dwarf growth]
 15325 | Lair:6   | Reached XP level 14. HP: 139/139 MP: 17/17
 15514 | Lair:6   | Noticed Snorg
 15525 | Lair:6   | Killed Snorg
 15805 | Lair:6   | Reached skill level 15 in Axes
 16225 | Lair:6   | Found a staircase to the Slime Pits.
 16729 | Orc:1    | Entered Level 1 of the Orcish Mines
 16729 | Orc:1    | Found Nomaehe's Book Emporium.
 16874 | Orc:2    | Entered Level 2 of the Orcish Mines
 16920 | Orc:2    | Found Beymm's Magic Scroll Boutique.
 16943 | Orc:2    | Found Qahue's Gadget Shop.
 16948 | Orc:2    | Bought a scroll of blinking for 120 gold pieces
 16948 | Orc:2    | Bought a scroll of teleportation for 48 gold pieces
 16954 | Orc:2    | Noticed a stone giant
 16970 | Orc:2    | Killed a stone giant
 17034 | Orc:2    | Noticed Saint Roka
 17072 | Orc:2    | Killed Saint Roka
 17301 | Orc:2    | Found a roughly hewn altar of Beogh.
 17332 | Orc:2    | Found Kigehud's Antique Weapon Shop.
 17345 | Orc:2    | Found Zeuq's Antique Armour Shop.
 17492 | Orc:1    | Reached XP level 15. HP: 148/148 MP: 18/18
 17849 | Orc:2    | Found a staircase to the Elven Halls.
 17859 | Orc:2    | Found Muut's Jewellery Shop.
 17905 | Orc:2    | Bought the amulet of the Four Winds {rN+ MR+++ Clar} for
                  | 570 gold pieces
 17905 | Orc:2    | Found the amulet of the Four Winds {rN+ MR+++ Clar}
 17940 | Orc:2    | Found Yceriur's General Store.
 17946 | Orc:2    | Bought a scroll of blinking for 97 gold pieces
 18029 | Orc:2    | Found a shimmering blue altar of Sif Muna.
 18623 | D:13     | Found a gate to the Vaults.
 18630 | D:13     | Noticed a tengu reaver
 18645 | D:13     | Killed a tengu reaver
 19002 | D:14     | Found a flickering gateway to a bazaar.
 19008 | Bazaar   | Entered a bazaar
 19008 | Bazaar   | Found Zeipluimm's Armour Shoppe.
 19013 | Bazaar   | Found Fasu's Armour Shop.
 19017 | Bazaar   | Found Lesust's Assorted Antiques.
 19020 | Bazaar   | Found Meumat's Magic Scroll Shoppe.
 19036 | Bazaar   | Bought a runed broad axe for 168 gold pieces
 19036 | Bazaar   | Bought a scroll of teleportation for 72 gold pieces
 19051 | Bazaar   | Bought a scroll of teleportation for 33 gold pieces
 19051 | Bazaar   | Bought a scroll of teleportation for 33 gold pieces
 19469 | D:14     | Found a basalt altar of Yredelemnul.
 19651 | D:14     | Found a shadowy altar of Dithmenos.
 19809 | D:15     | Entered Level 15 of the Dungeon
 19851 | D:15     | Found a gate leading to a gauntlet.
 19880 | Gauntlet | Entered a Gauntlet
 19880 | Gauntlet | Found a transporter.
 19880 | Gauntlet | Found a transporter.
 19880 | Gauntlet | Found a transporter.
 19881 | Gauntlet | Found a transporter.
 19884 | Gauntlet | Found a transporter.
 19897 | Gauntlet | Found a transporter.
 19903 | Gauntlet | Found a transporter.
 19918 | Gauntlet | Found a transporter.
 19923 | Gauntlet | Found a transporter.
 19983 | Gauntlet | Found a transporter.
 19993 | Gauntlet | Found a transporter.
 20018 | Gauntlet | Found a transporter.
 21001 | D:15     | Found a staircase to the Depths.
 21485 | Shoals:1 | Entered Level 1 of the Shoals
 21653 | Shoals:1 | Reached XP level 16. HP: 158/158 MP: 20/20
 22422 | Shoals:2 | Found the +8 lance "Wyrmbane" {slay drac, rPois rF+ rC+
                  | AC+3}
 22611 | Shoals:2 | Found a frozen archway.
 22620 | IceCv    | Entered an ice cave
 23186 | IceCv    | Noticed an Ice Fiend
 23208 | IceCv    | Killed an Ice Fiend
 23905 | Shoals:3 | Noticed Louise
 23944 | Shoals:3 | Killed Louise
 24576 | Shoals:4 | Entered Level 4 of the Shoals
 24808 | Shoals:4 | Reached XP level 17. HP: 150/168 MP: 21/21
 24822 | Shoals:4 | Reached skill level 15 in Invocations
 24826 | Shoals:4 | Reached skill level 15 in Armour
 25073 | Shoals:4 | Reached skill level 15 in Shields
 25171 | Shoals:4 | Got a scintillating bone ring
 25175 | Shoals:4 | Identified the ring of the Raven {MR- rCorr Int+5 Stlth+}
                  | (You found it on level 4 of the Shoals)
 25256 | Shoals:4 | Noticed a kraken
 25283 | Shoals:4 | Killed a kraken
 25448 | Shoals:4 | Got a barnacled rune of Zot
 25759 | Spider:1 | Entered Level 1 of the Spider Nest
 25786 | Spider:1 | Noticed Frances
 25796 | Spider:1 | Killed Frances
 25823 | Spider:1 | Reached skill level 15 in Fighting
 26485 | Spider:2 | Noticed Nikola
 26497 | Spider:2 | Killed Nikola
 26924 | Spider:2 | Got a coiled crystal amulet
 27177 | Spider:3 | Noticed Jorgrun
 27196 | Spider:3 | Killed Jorgrun
 27222 | Spider:3 | Identified Roxanne's Incunabulum of the Mountains
 27222 | Spider:3 | Noticed Roxanne
 27285 | Spider:3 | Killed Roxanne
 27285 | Spider:3 | Gained mutation: You passively map a large area around you.
                  | [Deep Dwarf growth]
 27285 | Spider:3 | Reached XP level 18. HP: 131/178 MP: 22/22
 27375 | Spider:3 | Noticed Arachne
 27392 | Spider:3 | Killed Arachne
 27424 | Spider:3 | Identified the amulet "Bobek" {rC- rN+ Regen+ Str+4 Stlth+}
                  | (You found it on level 2 of the Spider Nest)
 27426 | Spider:3 | Got the ring "Fug Qesa" {Str+5 Slay+4}
 27426 | Spider:3 | Got a scintillating brass ring
 27428 | Spider:3 | Identified the ring "Ronuaro" {rF+ rC+ SInv Stlth-} (You
                  | found it on level 3 of the Spider Nest)
 28210 | Spider:4 | Entered Level 4 of the Spider Nest
 28332 | Spider:4 | Found the +10 tower shield of Ignorance {rN+ Int-4}
 28786 | Spider:4 | Got a gossamer rune of Zot
 28842 | Spider:4 | Noticed Mara
 28855 | Spider:4 | Killed Mara
 29654 | Elf:1    | Entered Level 1 of the Elven Halls
 29829 | Elf:1    | Reached XP level 19. HP: 180/190 MP: 23/23
 30031 | Elf:1    | Found Tijugu's Assorted Antiques.
 30039 | Elf:1    | Bought a scroll of blinking for 247 gold pieces
 30039 | Elf:1    | Bought a scroll of magic mapping for 115 gold pieces
 30039 | Elf:1    | Bought a scroll of blinking for 247 gold pieces
 30152 | Elf:1    | Reached XP level 20. HP: 189/199 MP: 24/24
 30692 | Elf:2    | Found Aseytt's General Store.
 30839 | Elf:2    | Identified the Catalogue of Creative Conjuration
 30848 | Elf:2    | Identified the cursed +0 mace of Pouthol {drain, rPois}
 31110 | Elf:2    | Found a runed translucent gate.
 31110 | Elf:2    | Found a runed translucent gate.
 31110 | Elf:2    | Found a runed translucent gate.
 31698 | Elf:3    | Entered Level 3 of the Elven Halls
 31919 | Elf:3    | Found Voifophynk's Jewellery Boutique.
 31919 | Elf:3    | Found Hamuedgh's Gadget Emporium.
 31920 | Elf:3    | Found Wisasion's Gadget Emporium.
 32174 | Elf:3    | Identified the +3 dire flail of Pride {chaos, +Blink Str-5
                  | Int+5}
 32178 | Elf:3    | Identified the cursed +0 lajatang of the Wasteland {vorpal,
                  | Str-5 Dex+5 SInv}
 32180 | Elf:3    | Identified the +3 scale mail of Guvom {*Corrode rF- rN+++
                  | Str+8}
 32182 | Elf:3    | Identified the ring of Paahisoa {rC+ rN+ Str+3}
 32368 | Elf:3    | Identified the Papyrus of Orientation
 32729 | Elf:3    | Found Vehud's Book Shop.
 33251 | Slime:1  | Entered Level 1 of the Pits of Slime
 33331 | Slime:1  | Gained mutation: Scrolls take you a little longer to read.
                  | [a shining eye]
 33334 | Slime:1  | Gained mutation: Your body sometimes deteriorates upon
                  | taking damage. [a shining eye]
 34143 | Slime:2  | Reached XP level 21. HP: 211/211 MP: 25/25
 34443 | Slime:2  | Gained mutation: Armour fits poorly on your strangely
                  | shaped body. [a shining eye]
 34973 | Slime:4  | Gained mutation: You are occasionally teleported next to
                  | monsters. [a shining eye]
 35340 | Slime:5  | Entered Level 5 of the Pits of Slime
 35430 | Slime:5  | Found a viscous altar of Jiyva.
 35431 | Slime:5  | Noticed the Royal Jelly
 35537 | Slime:5  | Killed the Royal Jelly
 35559 | Slime:5  | Identified the Compendium of Confrontation
 35562 | Slime:5  | Got a slimy rune of Zot
 35573 | Slime:5  | Identified Mutuk's Tome of the Spatial Mountains
 35685 | Slime:5  | Got a smoking chain mail
 35696 | Slime:5  | Identified the +3 chain mail of the Stone Wall {rElec rC++
                  | Int-5} (You found it on level 5 of the Pits of Slime)
 35718 | Slime:5  | Got a dazzling chain mail
 35729 | Slime:5  | Identified the +5 chain mail of Hospitality {rF++ rC-} (You
                  | found it on level 5 of the Pits of Slime)
 36383 | Vaults:1 | Entered Level 1 of the Vaults
 36931 | Vaults:1 | Lost mutation: Your body sometimes deteriorates upon taking
                  | damage. [potion of mutation]
 36931 | Vaults:1 | Lost mutation: Armour fits poorly on your strangely shaped
                  | body. [potion of mutation]
 36931 | Vaults:1 | Lost mutation: You are occasionally teleported next to
                  | monsters. [potion of mutation]
 36931 | Vaults:1 | Gained mutation: You are frail. (-10% HP) [potion of
                  | mutation]
 36931 | Vaults:1 | Gained mutation: Your body sometimes deteriorates upon
                  | taking damage. [potion of mutation]
 36931 | Vaults:1 | Gained mutation: You are very frail. (-20% HP) [potion of
                  | mutation]
 36931 | Vaults:1 | Gained mutation: You are partially covered in thin metallic
                  | scales. (AC +2) [potion of mutation]
 36932 | Vaults:1 | Lost mutation: You are very frail. (-20% HP) [potion of
                  | mutation]
 36932 | Vaults:1 | Lost mutation: Your body sometimes deteriorates upon taking
                  | damage. [potion of mutation]
 36932 | Vaults:1 | Lost mutation: You are frail. (-10% HP) [potion of
                  | mutation]
 36932 | Vaults:1 | Lost mutation: Scrolls take you a little longer to read.
                  | [potion of mutation]
 36932 | Vaults:1 | Gained mutation: You are weak. (Str -2) [potion of
                  | mutation]
 36932 | Vaults:1 | Lost mutation: You are weak. (Str -2) [potion of mutation]
 37031 | Vaults:1 | Reached XP level 22. HP: 223/223 MP: 26/26
 37397 | Vaults:1 | Found Wesen's Jewellery Shop.
 37694 | Vaults:2 | Noticed Aizul
 37705 | Vaults:2 | Killed Aizul
 37812 | Vaults:2 | Got a translucent jade amulet
 37817 | Vaults:2 | Found Wushruqeu's Armour Boutique.
 37830 | Vaults:2 | Bought the +5 plate armour "Waxkiniu" {rF+} for 1240 gold
                  | pieces
 37841 | Vaults:2 | Identified the amulet "Herriguj" {RegenMP rN+ Str+4 Dex-4}
                  | (You found it on level 2 of the Vaults)
 37847 | Vaults:2 | Found Ryit's Antique Weapon Emporium.
 38063 | Vaults:2 | Noticed Asterion
 38081 | Vaults:2 | Killed Asterion
 38238 | Vaults:2 | Noticed Donald
 38243 | Vaults:2 | Killed Donald
 38294 | Vaults:2 | Found Aptekhler's Magic Scroll Shop.
 38338 | Vaults:2 | Bought a scroll of teleportation for 60 gold pieces
 39634 | Vaults:3 | Found a staircase to the Crypt.
 39993 | Vaults:3 | Reached XP level 23. HP: 234/234 MP: 27/27
 41681 | Vaults:5 | Entered Level 5 of the Vaults
 41850 | Vaults:5 | Reached XP level 24. HP: 236/246 MP: 26/26
 41977 | Vaults:5 | Identified Sif Muna's Reference Book on the Fetching
                  | Volcanoes
 42298 | Vaults:5 | Got a silver rune of Zot
 42380 | Vaults:5 | Identified the Collected Works on Self-Knowledge and
                  | Execration
 42465 | Vaults:5 | Identified the amulet "Itus" {rPois Regen+ Str+4}
 42600 | Vaults:5 | Identified the Almanac of Creative Darkness
 42679 | Vaults:5 | Identified the cursed +2 long sword of Vuneoxixy {freeze,
                  | +Fly rElec rC+ Int-2}
 42697 | Vaults:5 | Got a pair of distressingly furry gloves
 42698 | Vaults:5 | Identified the +2 pair of gloves "Dometzog" {*Corrode
                  | *Drain Str+8 SInv} (You found it on level 5 of the Vaults)
 42741 | Vaults:5 | Identified the cursed +1 hand axe "Oxtoiph" {holy, +Rage
                  | Str+2 Int-3}
 43241 | Depths:1 | Entered Level 1 of the Depths
 43241 | Depths:1 | Found a one-way gate to the infinite horrors of the Abyss.
 43450 | Depths:1 | Paralysed by a floating eye for 2 turns
 43679 | Depths:1 | Found a gateway to Hell.
 43703 | Depths:1 | Found a gateway to a ziggurat.
 44479 | Depths:1 | Identified the Disquisition on Supportive Transformation
 44913 | Depths:1 | Got a slimy broad axe
 44914 | Depths:1 | Identified the +5 broad axe "Newtslayer" {antimagic, +Inv
                  | +Fly Int-3 Dex-5} (You found it on level 1 of the Depths)
 45081 | Depths:2 | Reached XP level 25. HP: 249/256 MP: 26/26
 45214 | Depths:2 | Noticed a juggernaut
 45254 | Depths:2 | Paralysed by a floating eye for 4 turns
 45268 | Depths:2 | Paralysed by a floating eye for 4 turns
 45663 | Depths:2 | Found a one-way gate leading to the halls of Pandemonium.
 45809 | Depths:3 | Paralysed by a floating eye for 2 turns
 46074 | Depths:3 | Killed a juggernaut
 46691 | Depths:3 | Gained mutation: Your spells are a little easier to cast,
                  | but a little less powerful. [a cacodemon]
 46698 | Depths:3 | Found a burning altar of Makhleb.
 46719 | Depths:3 | Got a faintly glowing turquoise ring
 46720 | Depths:3 | Identified the ring of Xom's Scorn {rF+ rC+ rN+} (You found
                  | it on level 3 of the Depths)
 46759 | Depths:3 | Found a runed translucent door.
 46769 | Depths:3 | Found a runed translucent door.
 46986 | Depths:4 | Found Dounu's Assorted Antiques.
 47049 | Depths:4 | You fall into a shaft and drop 1 floor!
 47049 | Depths:5 | Entered Level 5 of the Depths
 47132 | Depths:4 | Found Qabad's Assorted Antiques.
 47133 | Depths:4 | Found Cuforgh's Magic Scroll Boutique.
 47133 | Depths:4 | Found Aduov's Assorted Antiques.
 47149 | Depths:4 | Bought a scroll of enchant armour for 150 gold pieces
 47155 | Depths:4 | Bought a translucent chain mail for 304 gold pieces
 47155 | Depths:4 | Identified the cursed +1 chain mail of the Cricket {Harm
                  | +Fly Dex-4 SInv} (You bought it in a shop on level 4 of the
                  | Depths)
 47313 | Depths:4 | Paralysed by a floating eye for 3 turns
 47478 | Depths:4 | Reached XP level 26. HP: 266/270 MP: 26/26
 47766 | Depths:4 | You fall into a shaft and drop 1 floor!
 48372 | Depths:5 | Found a gate to the Realm of Zot.
 49408 | Crypt:1  | Entered Level 1 of the Crypt
 49624 | Crypt:1  | Reached skill level 1 in Evocations
 49627 | Crypt:1  | Reached skill level 1 in Dodging
 50849 | Crypt:3  | Entered Level 3 of the Crypt
 50951 | Crypt:3  | Reached skill level 5 in Evocations
 50999 | Crypt:3  | Found the +7 sceptre of Torment {pain, torment}
 51001 | Crypt:3  | Noticed an ancient lich
 51014 | Crypt:3  | Killed an ancient lich
 51114 | Crypt:3  | Reached skill level 5 in Dodging
 51313 | Crypt:3  | Found an ancient bone altar of Kikubaaqudgha.
 51333 | Crypt:3  | Reached XP level 27. HP: 282/282 MP: 26/26
 51869 | Crypt:3  | Found a staircase to the Tomb.
 52547 | Zot:1    | Entered Level 1 of the Realm of Zot
 52708 | Depths:1 | Voluntarily entered the Abyss.
 52814 | Abyss:1  | Found an opulent altar of Gozag.
 53547 | Abyss:3  | Got an abyssal rune of Zot
 53737 | Depths:1 | Escaped the Abyss
 54031 | Zot:1    | Noticed an orb of fire
 54033 | Zot:1    | Gained mutation: You are dopey. (Int -2) [an orb of fire]
 54038 | Zot:1    | Killed an orb of fire
 54038 | Zot:1    | Reached skill level 10 in Dodging
 54555 | Zot:2    | Found a runed translucent gate.
 54556 | Zot:2    | Found a runed translucent gate.
 54556 | Zot:2    | Found an opulent altar of Gozag.
 54557 | Zot:2    | Found a runed translucent gate.
 54559 | Zot:2    | Noticed Distralli's ghost (legendary GnFi)
 55025 | Zot:2    | Killed Distralli's ghost
 55732 | Zot:3    | Reached skill level 27 in Armour
 57166 | Zot:4    | Noticed an orb of fire
 57169 | Zot:4    | Gained mutation: Armour fits poorly on your strangely
                  | shaped body. [an orb of fire]
 57180 | Zot:4    | Killed an orb of fire
 57181 | Zot:4    | Lost mutation: Armour fits poorly on your strangely shaped
                  | body. [potion of mutation]
 57181 | Zot:4    | Lost mutation: Your spells are a little easier to cast, but
                  | a little less powerful. [potion of mutation]
 57181 | Zot:4    | Lost mutation: You are dopey. (Int -2) [potion of mutation]
 57181 | Zot:4    | Lost mutation: You are partially covered in thin metallic
                  | scales. (AC +2) [potion of mutation]
 57181 | Zot:4    | Gained mutation: Your body sometimes deteriorates upon
                  | taking damage. [potion of mutation]
 57181 | Zot:4    | Gained mutation: You are resistant to hostile enchantments.
                  | (MR+) [potion of mutation]
 57181 | Zot:4    | Gained mutation: Your mind is acute. (Int +2) [potion of
                  | mutation]
 57182 | Zot:4    | Lost mutation: Your mind is acute. (Int +2) [potion of
                  | mutation]
 57182 | Zot:4    | Lost mutation: You are resistant to hostile enchantments.
                  | (MR+) [potion of mutation]
 57182 | Zot:4    | Lost mutation: Your body sometimes deteriorates upon taking
                  | damage. [potion of mutation]
 57182 | Zot:4    | Gained mutation: You possess an exceptional clarity of
                  | mind. [potion of mutation]
 57377 | Zot:5    | Entered Level 5 of the Realm of Zot
 57579 | Zot:5    | Found a runed translucent gate.
 57579 | Zot:5    | Found a runed translucent gate.
 57579 | Zot:5    | Found a runed translucent gate.
 57579 | Zot:5    | Noticed Flugkiller's ghost (adept DDFi)
 57579 | Zot:5    | Noticed an ancient lich
 57580 | Zot:5    | Noticed an ancient lich
 57701 | Zot:5    | Noticed an ancient lich
 57707 | Zot:5    | Killed an ancient lich
 57708 | Zot:5    | Noticed an ancient lich
 57710 | Zot:5    | Noticed an orb of fire
 57711 | Zot:5    | Reached skill level 15 in Dodging
 57711 | Zot:5    | Noticed an orb of fire
 57716 | Zot:5    | Gained mutation: You are occasionally teleported next to
                  | monsters. [an orb of fire]
 57726 | Zot:5    | Lost mutation: You possess an exceptional clarity of mind.
                  | [an orb of fire]
 57730 | Zot:5    | Gained mutation: Armour fits poorly on your strangely
                  | shaped body. [an orb of fire]
 57735 | Zot:5    | Gained mutation: You occasionally shout uncontrollably at
                  | your foes. [an orb of fire]
 57736 | Zot:5    | Killed an orb of fire
 57739 | Zot:5    | Killed an orb of fire
 57752 | Zot:5    | Killed an ancient lich
 57766 | Zot:5    | Noticed an ancient lich
 57784 | Zot:5    | Noticed an ancient lich
 57785 | Zot:5    | Noticed an ancient lich
 57786 | Zot:5    | Noticed an ancient lich
 57797 | Zot:5    | Killed an ancient lich
 57800 | Zot:5    | Killed an ancient lich
 57800 | Zot:5    | Killed an ancient lich
 57808 | Zot:5    | Killed an ancient lich
 57955 | Zot:5    | Noticed an orb of fire
 57973 | Zot:5    | Noticed an ancient lich
 57977 | Zot:5    | Noticed an ancient lich
 57980 | Zot:5    | Gained mutation: You are clumsy. (Dex -2) [an orb of fire]
 57980 | Zot:5    | Gained mutation: Your body sometimes deteriorates upon
                  | taking damage. [an orb of fire]
 57981 | Zot:5    | Killed an orb of fire
 57983 | Zot:5    | Noticed an ancient lich
 57989 | Zot:5    | Noticed an ancient lich
 57998 | Zot:5    | Killed an ancient lich
 58010 | Zot:5    | Killed an ancient lich
 58010 | Zot:5    | Killed an ancient lich
 58015 | Zot:5    | Killed an ancient lich
 58478 | Depths:3 | Lost mutation: You occasionally shout uncontrollably at
                  | your foes. [potion of mutation]
 58478 | Depths:3 | Lost mutation: Your body sometimes deteriorates upon taking
                  | damage. [potion of mutation]
 58478 | Depths:3 | Gained mutation: Scrolls take you a little longer to read.
                  | [potion of mutation]
 58478 | Depths:3 | Gained mutation: You are very clumsy. (Dex -4) [potion of
                  | mutation]
 58478 | Depths:3 | Gained mutation: You have very sharp teeth. [potion of
                  | mutation]
 58479 | Depths:3 | Lost mutation: Armour fits poorly on your strangely shaped
                  | body. [potion of mutation]
 58479 | Depths:3 | Gained mutation: You can translocate small distances at
                  | will. [potion of mutation]
 58479 | Depths:3 | Gained mutation: Your mind is acute. (Int +2) [potion of
                  | mutation]
 58479 | Depths:3 | Gained mutation: Your muscles are strong. (Str +2) [potion
                  | of mutation]
 58481 | Pan      | Entered Pandemonium
 58569 | Pan      | Gained mutation: Your magical capacity is low. (-10% MP) [a
                  | neqoxec]
 58571 | Pan      | Gained mutation: Your spells are a little easier to cast,
                  | but a little less powerful. [a neqoxec]
 58594 | Pan      | Gained mutation: Your magical capacity is very low. (-20%
                  | MP) [a cacodemon]
 58906 | Pan      | Noticed Zepal the pandemonium lord
 58920 | Pan      | Killed Zepal the pandemonium lord
 59290 | Pan      | Noticed Geto the pandemonium lord
 59298 | Pan      | Killed Geto the pandemonium lord
 59298 | Pan      | Reached skill level 27 in Shields
 60071 | Pan      | Found an exit through the horrors of the Abyss.
 60119 | Pan      | Noticed Dohamibo the pandemonium lord
 60130 | Pan      | Killed Dohamibo the pandemonium lord
 60157 | Pan      | Identified the +9 short sword of Uncomfortable Rashes
                  | {vorpal, rN+ Str+3 Int-2 Dex-4 Stlth+}
 61679 | Pan      | Lost mutation: Your muscles are strong. (Str +2) [a
                  | neqoxec]
 61926 | Pan      | Found a runed translucent door.
 61952 | Pan      | Got a demonic rune of Zot
 62762 | Pan      | Gained mutation: You are sometimes teleported next to
                  | monsters. [a neqoxec]
 63344 | Pan      | Noticed Wace the pandemonium lord
 63360 | Pan      | Killed Wace the pandemonium lord
 63496 | Pan      | Gained mutation: You are frail. (-10% HP) [a neqoxec]
 63498 | Pan      | Lost mutation: Your mind is acute. (Int +2) [a neqoxec]
 63842 | Pan      | Reached skill level 27 in Fighting
 64082 | Pan      | Gained mutation: Your magical capacity is extremely low.
                  | (-30% MP) [a neqoxec]
 64083 | Pan      | Gained mutation: Scrolls take you longer to read. [a
                  | neqoxec]
 64475 | Pan      | Found a runed translucent door.
 64478 | Pan      | Found a runed translucent door.
 64482 | Pan      | Found a runed translucent door.
 64486 | Pan      | Found a runed translucent door.
 64524 | Pan      | Gained mutation: Your spells are easier to cast, but less
                  | powerful. [a cacodemon]
 64592 | Pan      | Noticed Katzaipp the pandemonium lord
 64612 | Pan      | Killed Katzaipp the pandemonium lord
 64654 | Pan      | Found an exit through the horrors of the Abyss.
 65472 | Pan      | Noticed Idoptiox the pandemonium lord
 65488 | Pan      | Killed Idoptiox the pandemonium lord
 65947 | Pan      | Found an exit through the horrors of the Abyss.
 66158 | Pan      | Entered the realm of Cerebov.
 66725 | Pan      | Got a scorched glass ring
 66736 | Pan      | Identified the ring of Surchanan {+Blink rPois Slay+3
                  | Stlth+} (You found it in Pandemonium)
 66750 | Pan      | Identified the Incunabulum of Warped Feathers
 66781 | Pan      | Identified the Incunabulum of Mutagenic Ice
 66869 | Pan      | Identified the +6 sword of Cerebov {flame}
 66869 | Pan      | Noticed Cerebov
 66933 | Pan      | Killed Cerebov
 66982 | Pan      | Got a fiery rune of Zot
 67021 | Pan      | Identified the +3 robe "Seemoq" {Dex+3}
 68254 | Pan      | Found a white marble altar of Elyvilon.
 68441 | Pan      | Identified the cursed +1 plate armour "Usak" {rF+ rCorr
                  | Str+2 SInv} (You found it in Pandemonium)
 68573 | Pan      | Noticed a seraph
 68584 | Pan      | Killed a seraph
 68628 | Pan      | Found a glowing golden altar of the Shining One.
 68646 | Pan      | Identified the cursed +0 plate armour of Responsibility
                  | {rF+ rC+++ Str-5 Dex+4} (You found it in Pandemonium)
 68654 | Pan      | Found a glowing silver altar of Zin.
 69358 | Pan      | Identified the +4 tower shield "Weejoc" {*Contam rC++ rN+++
                  | MR+}
 69437 | Pan      | Entered the realm of Mnoleg.
 69439 | Pan      | Gained mutation: You are dopey. (Int -2) [a cacodemon]
 69445 | Pan      | Gained mutation: You are weak. (Str -2) [a cacodemon]
 69516 | Pan      | Gained mutation: Armour fits poorly on your strangely
                  | shaped body. [a cacodemon]
 69525 | Pan      | Gained mutation: You are very frail. (-20% HP) [a
                  | cacodemon]
 69526 | Pan      | Gained mutation: You are very dopey. (Int -4) [a cacodemon]
 69635 | Pan      | Gained mutation: You are very weak. (Str -4) [a neqoxec]
 69641 | Pan      | Lost intelligence.
 69642 | Pan      | Gained mutation: Scrolls take you much longer to read. [a
                  | neqoxec]
 69644 | Pan      | Gained mutation: Your body sometimes deteriorates upon
                  | taking damage. [a neqoxec]
 69645 | Pan      | Gained mutation: Your body often deteriorates upon taking
                  | damage. [a neqoxec]
 69651 | Pan      | Gained mutation: You tend to lose your temper in combat. [a
                  | cacodemon]
 69654 | Pan      | Gained mutation: You are extremely frail. (-30% HP) [a
                  | cacodemon]
 69655 | Pan      | Gained mutation: Potions are less effective at restoring
                  | your health. [a cacodemon]
 69693 | Pan      | Gained mutation: Your spells are much easier to cast, but
                  | much less powerful. [a cacodemon]
 69696 | Pan      | Gained mutation: You occasionally shout uncontrollably at
                  | your foes. [a cacodemon]
 69886 | Pan      | Lost mutation: You can translocate small distances at will.
                  | [a cacodemon]
 69993 | Pan      | Gained mutation: Potions are poor at restoring your health.
                  | [a cacodemon]
 69996 | Pan      | Gained mutation: You sometimes yell uncontrollably at your
                  | foes. [a cacodemon]
 70054 | Pan      | Gained mutation: You often lose your temper in combat. [a
                  | cacodemon]
 70152 | Pan      | Lost mutation: Scrolls take you much longer to read.
                  | [potion of mutation]
 70152 | Pan      | Lost mutation: You are very dopey. (Int -4) [potion of
                  | mutation]
 70152 | Pan      | Lost mutation: Scrolls take you longer to read. [potion of
                  | mutation]
 70152 | Pan      | Lost mutation: You often lose your temper in combat.
                  | [potion of mutation]
 70371 | Pan      | Noticed Mnoleg
 70372 | Pan      | Gained mutation: You often lose your temper in combat. [a
                  | neqoxec]
 70386 | Pan      | Gained mutation: Potions cannot restore your health. [a
                  | cacodemon]
 70390 | Pan      | Gained mutation: Scrolls take you longer to read. [a
                  | cacodemon]
 70392 | Pan      | Lost intelligence.
 70395 | Pan      | Lost mutation: You are extremely frail. (-30% HP) [a
                  | cacodemon]
 70398 | Pan      | Gained mutation: Scrolls take you much longer to read. [a
                  | neqoxec]
 70398 | Pan      | Gained mutation: You are extremely frail. (-30% HP) [a
                  | cacodemon]
 70400 | Pan      | Gained mutation: You have an uncontrollable temper. [a
                  | cacodemon]
 70466 | Pan      | Paralysed by a floating eye for 4 turns
 70479 | Pan      | HP: 4/208 [tentacled monstrosity[Mnoleg] (7)]
 70483 | Pan      | Gained mutation: You are very dopey. (Int -4) [Mnoleg's
                  | mutagenic touch]
 70492 | Pan      | Killed Mnoleg
 70595 | Pan      | Got a glowing rune of Zot
 70656 | Pan      | Lost mutation: You have an uncontrollable temper. [potion
                  | of mutation]
 70656 | Pan      | Lost mutation: You are sometimes teleported next to
                  | monsters. [potion of mutation]
 70656 | Pan      | Lost mutation: You are very dopey. (Int -4) [potion of
                  | mutation]
 70656 | Pan      | Lost mutation: You are very clumsy. (Dex -4) [potion of
                  | mutation]
 70656 | Pan      | Lost mutation: You often lose your temper in combat.
                  | [potion of mutation]
 70657 | Pan      | Lost mutation: You are dopey. (Int -2) [potion of mutation]
 70657 | Pan      | Lost mutation: Armour fits poorly on your strangely shaped
                  | body. [potion of mutation]
 70657 | Pan      | Gained mutation: You have large cloven feet. [potion of
                  | mutation]
 70692 | Pan      | Gained mutation: You are dopey. (Int -2) [a neqoxec]
 70839 | Pan      | Gained mutation: You frequently scream uncontrollably at
                  | your foes. [a cacodemon]
 70881 | Pan      | Gained mutation: Armour fits poorly on your strangely
                  | shaped body. [a cacodemon]
 70899 | Pan      | Lost mutation: Your spells are much easier to cast, but
                  | much less powerful. [potion of mutation]
 70899 | Pan      | Lost mutation: Your spells are easier to cast, but less
                  | powerful. [potion of mutation]
 70899 | Pan      | Lost mutation: You frequently scream uncontrollably at your
                  | foes. [potion of mutation]
 70899 | Pan      | Lost mutation: You are extremely frail. (-30% HP) [potion
                  | of mutation]
 70899 | Pan      | Lost mutation: Scrolls take you much longer to read.
                  | [potion of mutation]
 70902 | Pan      | Found an exit through the horrors of the Abyss.
 71134 | Pan      | Noticed Wixalergh the pandemonium lord
 71144 | Pan      | Killed Wixalergh the pandemonium lord
 71176 | Pan      | Entered the realm of Gloorx Vloq.
 71177 | Pan      | Noticed Gloorx Vloq
 71185 | Pan      | HP: 11/237 [Executioner (12)]
 71187 | Pan      | HP: 5/238 [poisoned by Gloorx Vloq (dark miasma)]
 71187 | Pan      | Slain by an Executioner

Illustrated notes

Levels and vault maps discovered:
D:1:      scummos_arrival_simple_crosswalls, layout_basic
D:2:      layout_loops_ring, lemuel_doored_altar
D:3:      layout_loops_ring, nicolae_qazlal_style_of_elements,
          lemuel_round_altar, first_ration
D:4:      layout_loops_cross, nemelex_xobeh_ov_fountains_minmay,
          dancing_weapons_uskayaw, uniq_eustachio, uniq_pikel, uniq_natasha,
          uniq_sigmund
D:5:      layout_loops_ring, kennysheep_mini_moat, basic_altar,
          uniq_crazy_yiuf_cottage, uniq_grinder, uniq_prince_ribbit1
D:6:      layout_basic, okawaru_metal_pillars_3, marbit_many_paths,
          uniq_blork_the_orc
D:7:      cheibrodos_barr_body, layout_loops_ring, uniq_maggie
D:8:      layout_basic, special_room [special_room_orc], uniq_erica,
          uniq_gastronok
D:9:      layout_irregular_city, kennysheep_little_box, serial_undead,
          serial_undead_a, serial_undead_a, serial_undead_b, serial_undead_a,
          uniq_erolcha, uniq_psyche, uniq_harold
D:10:     layout_rooms, lair_entry_dummy, orc_0_dummy, grunt_pizzeria
D:11:     layout_gridville
D:12:     layout_loops_corners
D:13:     minmay_guarded_unrand_sword_of_power, layout_stronghold,
          david_vaults_2
D:14:     layout_loops_ring, grunt_dithmenos_shadows, serial_shops,
          bzr_entry_road, lemuel_mausoleum_altar_yredelemnul
D:15:     grunt_enter_depths_magical_seal, layout_basic, gauntlet_entry_generic,
          minivault_19
Temple:   nicolae_temple_figure_eight
Lair:1:   layout_cave_pods, grunt_megastairs_4, uniq_urug
Lair:2:   layout_chaotic_city, elwin_shoals_entry_rooms, eino_house_with_fridge,
          grunt_megastairs_3
Lair:3:   layout_concentric_octagons
Lair:4:   layout_cave_pods, spider_nest_entry_rubble
Lair:5:   layout_loops_ring, grunt_megastairs_2
Lair:6:   grunt_lair_end_beastmaster, layout_cave_pods,
          minmay_slime_entry_oklob_enclosed, uniq_snorg
Shoals:1: layout_shoals
Shoals:2: layout_shoals, portal_ice_cave_entry_frozen_things
Shoals:3: layout_shoals, uniq_louise
Shoals:4: shoals_end_grunt_ice, layout_shoals
Spider:1: layout_spider_delve, hangedman_spider_trapstep, uniq_frances
Spider:2: layout_spider_delve, hangedman_spider_trapstep, uniq_nikola
Spider:3: layout_chambers, uniq_arachne, uniq_jorgrun, uniq_roxanne
Spider:4: grunt_spider_rune_island, spiders_nest_ghost_moth_duel, uniq_mara
Slime:1:  layout_caves, nicolae_slime_phagocytosis
Slime:2:  layout_caves
Slime:3:  layout_caves
Slime:4:  layout_caves
Slime:5
Orc:1:    layout_caves, serial_shops, shop
Orc:2:    grunt_orc_cross, layout_caves, serial_shops, shop_scrolls,
          nicolae_shop_trees, led_sif_book
Elf:1:    eino_elf_arrival_shootout, layout_loops_corners, serial_shops,
          nicolae_shop_overgrown_old_shop, kennysheep_underground_church
Elf:2:    layout_geoelf_octagon, serial_shops, nicolae_shop_crystal,
          minmay_elf_sorcery
Elf:3:    elf_hall_gauntlet_narrow, layout_loops_corners, serial_shops,
          nicolae_shop_stone, minmay_shop_grove
Vaults:1: v_misc_31, v_rooms_4, vaults_room_pools, ontoclasm_vaults_spin,
          vaults_room_fours, layout_vaults_omnigrid, serial_shops,
          shop_fountains
Vaults:2: hangedman_vaults_capsules, nicolae_vaults_network_barrier,
          ontoclasm_vaults_ring_small, nicolae_vaults_little_squares_4,
          v_rooms_5, v_pattern_2, v_misc_25, vaults_room_fours,
          layout_vaults_chaotic_city, serial_shops, nicolae_shop_trees,
          nicolae_shop_stone, shop, uniq_asterion, uniq_donald, uniq_aizul
Vaults:3: nicolae_vaults_theta, nicolae_vaults_octagons, ontoclasm_vaults_chip,
          nicolae_vaults_yaktaur_gun_rack, v_misc_17, hangedman_vaults_stagger,
          hangedman_vaults_stitches, nicolae_vaults_rhombus_5,
          vaults_room_hallway, nicolae_vaults_shelves_hall,
          minmay_crypt_entry_nasty_monster, nicolae_vaults_network_quinsquares
          [nicolae_vaults_network_quincunx_subvault,
          nicolae_vaults_network_quincunx_subvault,
          nicolae_vaults_network_quincunx_subvault,
          nicolae_vaults_network_quincunx_subvault], v_misc_29,
          ontoclasm_vaults_twist, layout_vaults_maze_snakey
Vaults:4: nicolae_vaults_puzzle_piece, ontoclasm_vaults_claustrophobia,
          vaults_mumra_chevron_long, v_misc_32, vaults_room_glass_cross,
          v_misc_30, v_rooms_4, grunt_vaults_swirl, hangedman_vaults_hat,
          vaults_room_large_hall, vaults_room_stairs_pillars,
          layout_vaults_omnibox
Vaults:5
Crypt:1:  layout_misc_corridors
Crypt:2:  layout_basic, st_stairs_13, corexii_hall_statues_s, uniq_saint_roka
Crypt:3:  evilmike_haunted_forest
Depths:1: minmay_triangles_in_corner, layout_honeycomb, enter_ziggurat_f,
          grunt_metal_band, hangedman_decor_diamond_cutter, abyss_entry,
          minmay_hollow_rounded_squares, serial_bayou_shore_a
Depths:2: minmay_the_grid_plus_closed [minmay_the_grid_x,
          minmay_the_grid_all_tris, minmay_the_grid_medium_cups,
          minmay_the_grid_minigrid_medium, minmay_the_grid_prize_four_corners],
          layout_gridville, hell_entry, minmay_misc_feat_room, pan_entry,
          kennysheep_four_rooms
Depths:3: evilmike_makhleb_hellhole, layout_cave_shapes,
          grunt_pan_entry_in_and_out, hell_entry, minmay_strange_pillars,
          kennysheep_crisscross, minmay_misc_feat_roman,
          minmay_staircase_windowed_large
Depths:4: cheibrodos_salmonella, layout_basic, chequers_serial_rivers_micro_b,
          grunt_hell_entry_dis_old, nicolae_abyss_entry_one_way_or_another,
          minmay_shoptagon
Depths:5: grunt_bruiser_brothers, layout_cave_pools, minmay_misc_feat_five,
          hell_entry, minmay_alternating_orb
Zot:1:    kennysheep_blocky_hall, layout_misc_corridors, st_small_dragon_hoard_1
Zot:2:    layout_cathedral_of_symmetry, ebering_ghost_gozag
Zot:3:    layout_gridlike
Zot:4:    layout_onion_interference
Zot:5:    layout_basic, gammafunk_ghost_necromancy
Pan:      evilmike_mini_pan_other_thingy, layout_long_grid, rand_demon_6,
          layout_gridlike, regret_index_pan_draining_boxed, layout_onion_city,
          pan_blood_fountain_small, pan_blood_fountain, grunt_pan_pentagram,
          layout_basic, reaverb_pan_chaos_star, rand_demon_7, layout_stronghold,
          evilmike_mini_pan_doors_b, layout_stronghold, cerebov,
          layout_gridlike, evilmike_holy_pan, mnoleg_st, layout_irregular_city,
          grunt_pan_sceptre, layout_long_grid, pan_blood_fountain_small,
          reaverb_pan_squares, nicolae_pan_sigil_nadil, nicolae_pan_mnolegish_3,
          evilmike_gloorx_vloq_box, layout_rooms

Skill      XL: |  1  2  3  4  5  6  7  8  9 10 11 12 13 14 15 16 17 18 19 20 21 22 23 24 25 26 27 |
---------------+----------------------------------------------------------------------------------+-----
Fighting       | 3 4 5 7 9 10 11 12 13 14 15 16 17 18 19 20 21 22 23 27 | 27.0
Armour         | 4 5 6 7 8 9 10 11 12 13 14 16 17 19 20 21 22 23 24 25 27 | 27.0
Axes           | 3 4 5 6 7 9 11 13 14 15 17 18 | 18.0
Shields        | 4 5 7 8 9 10 11 12 13 14 16 17 18 19 20 21 22 24 25 27 | 27.0
Invocations    | 4 6 8 10 11 12 13 14 15 22 | 22.2
Evocations     | 6 |  6.0
Dodging        | 5 24 | 24.5

Action                   |  1- 3 |  4- 6 |  7- 9 | 10-12 | 13-15 | 16-18 | 19-21 | 22-24 | 25-27 || total
-------------------------+-------+-------+-------+-------+-------+-------+-------+-------+-------++-------
Melee: War axe           |    92 |   124 |   258 |       |       |       |       |       |       ||   474
       Unarmed           |       |       |     1 |       |       |       |       |       |       ||     1
       Broad axe         |       |       |   117 |   623 |  1078 |  1328 |   876 |  1488 |  4399 ||  9909
       Trident           |       |       |       |    17 |    24 |       |       |       |       ||    41
       Bite              |       |       |       |       |       |       |       |       |   384 ||   384
Throw: Stone             |     5 |     4 |     1 |       |       |       |       |       |       ||    10
       Dart              |       |       |       |     6 |    15 |     4 |       |       |       ||    25
Invok: Greater Servant o |       |       |       |       |       |     1 |     3 |     3 |       ||     7
 Abil: Heal Wounds       |       |     2 |    15 |     4 |     1 |     2 |     2 |     5 |    10 ||    41
       Evoke Invisibilit |       |       |       |       |       |     1 |       |       |       ||     1
Evoke: Wand              |       |       |       |     1 |       |     1 |     1 |       |       ||     3
  Use: Scroll            |       |     6 |    11 |     9 |    10 |    13 |     6 |     3 |    26 ||    84
       Potion            |       |       |       |     1 |     1 |     2 |     2 |       |     8 ||    14
 Stab: Petrified         |       |       |       |       |     2 |       |       |       |       ||     2
       Petrifying        |       |       |       |       |     1 |       |       |       |       ||     1
       Invisible         |       |       |       |       |       |     5 |       |       |       ||     5
       Distracted        |       |       |       |       |       |     1 |       |       |     1 ||     2
       Held in net/web   |       |       |       |       |       |     1 |       |       |       ||     1
       Paralysed         |       |       |       |       |       |       |       |       |     2 ||     2
  Eat: Chunk             |     1 |     4 |    12 |    22 |    31 |    26 |    13 |    24 |    50 ||   183
       Ration            |       |       |       |       |     1 |     1 |     3 |     1 |    12 ||    18
Armor: Scale mail        |    49 |    63 |    96 |       |       |       |       |       |       ||   208
       Chain mail        |       |       |    53 |    39 |    32 |       |       |       |       ||   124
       Plate armour      |       |       |       |   276 |   379 |   508 |   158 |   397 |   166 ||  1884
       Gold dragon scale |       |       |       |       |       |       |       |       |   824 ||   824
Dodge: Dodged            |    25 |    30 |    90 |   111 |   161 |   277 |    70 |   162 |   713 ||  1639
Block: Kite shield       |    51 |    61 |   187 |   423 |   428 |       |       |       |       ||  1150
       Tower shield      |       |       |       |       |   348 |  1517 |   834 |  1749 |  5184 ||  9632
